 Dungeon Crawl Stone Soup version 0.17.0-7-gfadd4cc (webtiles) character file.

1955 Eptagon the Jinx (level 9, -1/39 HPs)
             Began as a Vine Stalker Enchanter on Nov 7, 2015.
             Was a Follower of Okawaru.
             Killed from afar by CcS's ghost (14 damage)
             ... with a stone arrow
             ... on level 6 of the Dungeon.
             The game lasted 00:23:42 (4943 turns).

Eptagon the Jinx (Vine Stalker Enchanter)           Turns: 4943, Time: 00:23:42

Health: -1/39      AC:  5    Str: 11    XL:     9   Next: 19%
Magic:  0/19       EV: 12    Int: 16    God:    Okawaru [*.....]
Gold:   420        SH:  0    Dex: 17    Spells: 4 memorised, 9 levels left

rFire  . . .     SeeInvis .     a - +1 dagger
rCold  . . .     Clarity  .     n - +0 leather armour (curse)
rNeg   + . .     SustAt   .     (no shield)
rPois  .         Gourm    .     o - +0 helmet
rElec  .         Spirit   +     j - +0 cloak
rCorr  .         Warding  .     (no gloves)
rMut   .         Rnd*Tele +     (no boots)
MR     +....                    (no amulet)
Stlth  ++++......               h - ring of positive energy
                                p - ring of teleportation (curse)

@: somewhat resistant to hostile enchantments, stealthy
A: fangs 3, regeneration 2, magic shield, antimagic bite, no device heal 3, rot
immunity
a: Heroism, Renounce Religion, Evoke Teleportation


You were on level 6 of the Dungeon.
You worshipped Okawaru.
Okawaru was aware of your devotion.
You were hungry.

You visited 2 branches of the dungeon, and saw 7 of its levels.
You also visited: Sewer.

You collected 420 gold pieces.

Inventory:

Hand Weapons
 a - a +1 dagger (weapon)
 b - a +2 whip of electrocution
 u - the +4 falchion of Disorder {flame, rElec Str-4 Int+2}
   (You found it in a sewer)

   It has been specially enchanted to burn those struck by it, causing extra
   injury to most foes and up to half again as much damage against particularly
   susceptible opponents.
   Big, fiery blades are also staple armaments of hydra-hunters.
   It affects your strength (-4).
   It affects your intelligence (+2).
   It insulates you from electricity.
Missiles
 e - 30 poisoned needles
Armour
 j - a +0 cloak (worn)
 n - a cursed +0 leather armour (worn)
 o - a +0 helmet (worn)
 q - a +2 robe
 x - a +2 robe of magic resistance
 D - a +1 robe of the Archmagi
 F - the cursed +0 robe "Ykoejaam" {MR+ Int+2 Dex+4, unknown}
   (You took it off an orc on level 5 of the Dungeon)

   It affects your intelligence (+2).
   It affects your dexterity (+4).
   It affects your resistance to hostile enchantments.
   It has a curse placed upon it.
Jewellery
 h - a ring of positive energy (right hand)
 l - an uncursed ring of ice
 p - a cursed ring of teleportation (left hand)
Wands
 r - a wand of slowing (21)
 t - a wand of random effects (30)
 y - a wand of slowing (16)
 G - a wand of random effects (26)
Scrolls
 c - a scroll of enchant weapon
 m - 2 scrolls of teleportation
 w - a scroll of blinking
 z - a scroll of enchant armour
 B - 2 scrolls of remove curse {unknown}
Potions
 i - 4 potions of curing {unknown}
 k - 2 potions of magic
 s - 2 potions of berserk rage
 v - a potion of haste {unknown}
 A - a potion of ambrosia
 E - a potion of cancellation
Comestibles
 d - 5 bread rations
 f - 3 slices of pizza
 g - 3 meat rations
 C - 4 chunks of flesh
 H - 7 fruits


   Skills:
 - Level 0.8 Short Blades
 - Level 1.5 Dodging
 + Level 8.7 Stealth
 + Level 6.1 Spellcasting
 * Level 8.8 Hexes


You had 9 spell levels left.
You knew the following spells:

 Your Spells              Type           Power        Failure   Level  Hunger
a - Ensorcelled Hibernat  Hex/Ice        ###...       6%          2    #......
c - Confuse               Hex            ####....     1%          3    ##.....
d - Tukima's Dance        Hex            ####....     1%          3    ##.....
s - Dazzling Spray        Conj/Hex       ###.....     12%         3    ##.....


Dungeon Overview and Level Annotations

Branches:
Dungeon (6/15)             Temple (1/1) D:4

Altars:
Ashenzari
Cheibriados
Dithmenos
Elyvilon
Fedhas
Gozag
Kikubaaqudgha
Makhleb
Nemelex Xobeh
Okawaru
Ru
Sif Muna
Trog
Vehumet
Xom
Yredelemnul
Zin
The Shining One

Annotations:
D:6 CcS's ghost, novice OpEE


Innate Abilities, Weirdness & Mutations

You have razor-sharp teeth.
You heal very quickly.
When hurt, damage is shared between your health and your magic reserves.
Your bite disrupts and absorbs the magic of your enemies.
Potions and wands cannot restore your health.
You are immune to rotting.


Message History

You barely miss the phantom. You bite the phantom.
The phantom's magic leaks into the air.
You drain its magic.
You feel invigorated.
The phantom is moderately damaged.
The phantom closely misses you.
You strike the helpless phantom from behind!
You impale the phantom!!
The phantom is severely damaged.
You strike the helpless phantom from behind!
You impale the phantom!!
You destroy the phantom!
Okawaru accepts your kill.
CcS's ghost stares at you and mumbles some strange words.
The stone arrow hits you!
Ouch! That really hurt!
CcS's ghost casts a spell at you. The stone arrow misses you.
CcS's ghost stares at you and mumbles some strange words.
The stone arrow hits you!
You die...

#####.
##....
#.... #...
#..# #..#
..
#..##....
#...W.....
#@##...##.
#.# ##.#
#........
######.###


You could see CcS's ghost.

Vanquished Creatures
  Pikel (D:4)
  Duvessa (D:4)
  Purgy (Sewer)
  2 phantoms
  2 slaves (D:4)
  An ice beast (D:5)
  An ogre (D:5)
  A giant frog (D:4)
  The ghost of donomii the Skirmisher, a weakling OgAK of Lugonu (D:3)
  Dowan (D:4)
  4 hounds
  3 orc wizards (D:5)
  An iguana (D:4)
  2 centaur skeletons
  Natasha (thrice) (D:4)
  2 worker ants (D:5)
  A hound zombie (D:4)
  3 hound skeletons (D:4)
  2 worker ant zombies (D:4)
  Robin (D:4)
  2 gnolls (D:4)
  7 adders
  An ooze (D:1)
  An adder zombie (D:6)
  An adder skeleton (D:4)
  5 worms
  2 giant geckos (D:3)
  17 orcs
  A ball python (D:6)
  4 giant cockroaches
  9 goblins
  7 hobgoblins
  4 jackals (D:2)
  4 kobolds
  3 quokkas
  A ball python zombie (D:4)
  10 bats
  A giant gecko zombie (D:4)
  7 giant newts
  A jackal zombie (D:4)
  2 quokka skeletons (D:4)
  13 rats
  A fungus (D:1)
138 creatures vanquished.

Vanquished Creatures (collateral kills)
  2 ogres
  2 gnolls (D:4)
4 creatures vanquished.

Vanquished Creatures (others)
  2 dancing weapons (D:4)
  A giant gecko zombie (D:4)
  3 plants (D:4)
6 creatures vanquished.

Grand Total: 148 creatures vanquished

Notes
Turn   | Place    | Note
--------------------------------------------------------------
     0 | D:1      | Eptagon the Vine Stalker Enchanter began the quest for the Orb.
     0 | D:1      | Reached XP level 1. HP: 9/9 MP: 4/4
   154 | D:1      | Found a sparkling altar of Nemelex Xobeh.
   176 | D:1      | Reached skill level 4 in Stealth
   176 | D:1      | Reached XP level 2. HP: 13/13 MP: 6/6
   267 | D:1      | Learned a level 2 spell: Ensorcelled Hibernation
   612 | D:2      | Reached XP level 3. HP: 16/16 MP: 7/7
  1177 | D:3      | Noticed donomii's ghost (weakling OgAK)
  1197 | D:3      | Learned a level 3 spell: Confuse
  1350 | D:3      | Reached XP level 4. HP: 15/21 MP: 1/8
  1591 | D:3      | HP: 1/21 [poisoned by an adder]
  1599 | D:3      | HP: 1/21 [poisoned by an adder]
  2242 | D:3      | Killed donomii's ghost
  2242 | D:3      | Reached skill level 5 in Stealth
  2242 | D:3      | Reached XP level 5. HP: 24/24 MP: 1/10
  2712 | D:4      | Noticed Pikel
  2712 | D:4      | Noticed a slave
  2712 | D:4      | Noticed a slave
  2713 | D:4      | Noticed a slave
  2732 | D:4      | Killed a slave
  2766 | D:4      | Learned a level 3 spell: Tukima's Dance
  2887 | D:4      | Killed a slave
  2945 | D:4      | Reached skill level 5 in Hexes
  2945 | D:4      | Gained mutation: You heal very quickly. [Vine Stalker growth]
  2945 | D:4      | Reached XP level 6. HP: 14/28 MP: 7/12
  2946 | D:4      | Noticed Duvessa
  2958 | D:4      | Noticed Dowan
  2990 | D:4      | Noticed Natasha
  2993 | D:4      | Killed Natasha
  3040 | D:4      | Noticed Natasha
  3045 | D:4      | Killed Natasha
  3133 | D:4      | Noticed a slave
  3238 | D:4      | Killed Pikel
  3238 | D:4      | Reached skill level 6 in Stealth
  3238 | D:4      | Reached XP level 7. HP: 30/32 MP: 6/14
  3284 | D:4      | Found a glowing drain.
  3322 | D:4      | Reached skill level 7 in Stealth
  3322 | D:4      | Gained mutation: You have razor-sharp teeth. [Vine Stalker growth]
  3322 | D:4      | Reached XP level 8. HP: 31/36 MP: 7/16
  3330 | Sewer    | Entered a sewer
  3375 | Sewer    | Noticed Purgy
  3392 | Sewer    | Killed Purgy
  3402 | Sewer    | Got a pitted falchion
  3413 | Sewer    | Identified the +4 falchion of Disorder {flame, rElec Str-4 Int+2} (You found it in a sewer)
  3518 | D:4      | Killed Dowan
  3532 | D:4      | Found a staircase to the Ecumenical Temple.
  3547 | Temple   | Entered the Ecumenical Temple
  3644 | Temple   | Became a worshipper of Warmaster Okawaru
  3728 | D:4      | Killed Duvessa
  3728 | D:4      | Reached skill level 5 in Spellcasting
  3828 | D:4      | Noticed Robin
  3829 | D:4      | Noticed an ogre
  3837 | D:4      | Killed an ogre
  3849 | D:4      | Learned a level 3 spell: Dazzling Spray
  3851 | D:4      | Noticed Natasha
  3855 | D:4      | Killed Natasha
  3868 | D:4      | Killed Robin
  3971 | D:4      | Reached skill level 8 in Stealth
  4151 | D:5      | Entered Level 5 of the Dungeon
  4237 | D:5      | Reached * piety under Okawaru
  4438 | D:5      | Reached XP level 9. HP: 29/39 MP: 12/18
  4653 | D:5      | Got a bloodstained robe
  4935 | D:6      | Noticed CcS's ghost (novice OpEE)
  4943 | D:6      | Killed from afar by CcS's ghost

Action                   |  1- 3 |  4- 6 |  7- 9 || total
-------------------------+-------+-------+-------++-------
Melee: Dagger            |   181 |   217 |    21 ||   419
       Whip              |       |       |   205 ||   205
 Cast: Confuse           |     3 |    39 |    15 ||    57
       Ensorcelled Hiber |     3 |     8 |     3 ||    14
       Tukima's Dance    |       |     8 |     6 ||    14
  Use: Scroll            |     6 |     3 |     5 ||    14
 Stab: Sleeping          |     8 |    11 |    10 ||    29
       Distracted        |     1 |     1 |     1 ||     3
       Confused          |       |    18 |    11 ||    29
  Eat: Chunk             |     1 |    11 |     8 ||    20
       Fruit             |       |     2 |       ||     2
